 Dungeon Crawl Stone Soup version 0.25.1-2-g60ff931df9 (webtiles) character file.

Game seed: 2469287762907028372

48 Acheron the Vexing (level 3, 0/36 HPs)
             Began as an Ogre Arcane Marksman on Sept 7, 2020.
             Slain by an adder (5 damage)
             ... on level 2 of the Dungeon.
             The game lasted 00:09:46 (1756 turns).

Acheron the Vexing (Ogre Arcane Marksman)           Turns: 1756, Time: 00:09:46

Health: 0/36       AC:  4    Str: 14    XL:     3   Next: 72%
Magic:  5/5        EV: 10    Int: 14    God:
Gold:   69         SH:  0    Dex: 10    Spells: 4/5 levels left

rFire    . . .     SeeInvis .   o - +0 short sword
rCold    . . .     Gourm    .   (no shield)
rNeg     . . .     Faith    .   a - +1 robe
rPois    .         Spirit   .   (helmet restricted)
rElec    .         Reflect  .   (no cloak)
rCorr    .         Harm     .   (gloves unavailable)
MR       .....                  (boots unavailable)
Stlth    +.........             (no amulet)
HPRegen  0.12/turn              (no ring)
MPRegen  0.09/turn              (no ring)

@: lethally poisoned (0 -> -15)
A: large, unfitting armour, tough skin 1
a: no special abilities


You were on level 2 of the Dungeon.
You were hungry.

You visited 1 branch of the dungeon, and saw 4 of its levels.

You collected 69 gold pieces.

Inventory:

Hand Weapons
 g - a +0 hunting sling
 k - a +0 whip
 o - a +0 short sword (weapon)
Missiles
 d - a throwing net (quivered)
 e - 41 stones
 h - 10 sling bullets
Armour
 a - a +1 robe (worn)
Scrolls
 b - a scroll of teleportation {unknown}
 j - 2 scrolls of identify
 n - a scroll of amnesia
Potions
 i - a potion of flight
Comestibles
 f - 6 rations
 l - a chunk of flesh


   Skills:
 * Level 2.3 Fighting
 * Level 0.2 Short Blades
 + Level 0.1 Maces & Flails
 * Level 2.3 Throwing
 * Level 2.1 Dodging
 * Level 0.4 Stealth
 + Level 0.3 Unarmed Combat
 * Level 1.5 Spellcasting
 * Level 3.1 Hexes


You had 4 spell levels left.
You knew the following spells:

 Your Spells              Type           Power        Failure   Level  Hunger
a - Corona                Hex            #......      7%          1    ##.....

Your spell library contained the following spells:

 Spells                   Type           Power        Failure   Level  Hunger
 Slow                     Hex            #.......     11%         2    ###....
 Inner Flame              Hex/Fire       #.......     36%         3    ####...
 Portal Projectile        Hex/Tloc       #.....       36%         3    ####...
 Cause Fear               Hex            #.........   56%         4    #####..
 Leda's Liquefaction      Hex/Erth       #.........   78%         4    #####..


Dungeon Overview and Level Annotations

Branches:
Dungeon (4/15)
 Temple: D:4-7

Altars:


Innate Abilities, Weirdness & Mutations

You are too large for most types of armour.
You have tough skin. (AC +1)


Message History

You barely miss the adder.
The adder is almost dead.
You feel sick. The adder closely misses you. The adder barely misses you.
You barely miss the adder.
The adder is almost dead.
You feel sick. The adder bites you.
You are lethally poisoned!
The adder poisons you!
You barely miss the adder.
The adder is almost dead.
* * * LOW HITPOINT WARNING * * *
You feel sick. The adder misses you. The adder bites you.
* * * LOW HITPOINT WARNING * * *
You are more poisoned.
The adder poisons you!
You barely miss the adder.
The adder is almost dead.
* * * LOW HITPOINT WARNING * * *
You feel sick. The adder bites you.
You die...

### ##.## ##...## ######
##.....####
#....#######..........
##.#.#......(......####.
...รท..#########.w?......
.###..# ##S###### .# #..#
#@# .###..# #....#
......# #.#..# ##.#..# #
..## #.#..# #.# ##.#..#
#. ......# #. ......# #.
####..#


You could see an adder and a dart slug.

Vanquished Creatures
  An adder (D:2)
  A dart slug (D:2)
  2 leopard geckos
  2 giant cockroaches (D:2)
  5 goblins
  4 hobgoblins
  2 jackals (D:2)
  A quokka (D:2)
  2 bats (D:1)
  5 frilled lizards
  3 kobolds
  5 rats (D:2)
33 creatures vanquished.

Notes
Turn   | Place    | Note
-------+----------+-------------------------------------------
     0 | D:1      | Acheron the Ogre Arcane Marksman began the quest for the
                  | Orb.
     0 | D:1      | Reached XP level 1. HP: 19/19 MP: 2/2
   440 | D:1      | Reached XP level 2. HP: 25/27 MP: 4/4
   967 | D:2      | Reached skill level 3 in Hexes
  1083 | D:2      | Reached XP level 3. HP: 33/33 MP: 5/5
  1756 | D:2      | Slain by an adder

Illustrated notes

Levels and vault maps discovered:
D:1:      roderic_crossed_star, layout_basic, item_on_display_a
D:2:      layout_loops_ring, uniq_crazy_yiuf_cottage
D:3:      layout_basic, first_ration, minmay_hedge_maze,
          minmay_misc_feat_columns, hangedman_feature_mirror
D:4:      cheibrodos_fertilizer, layout_layer_cave

Skill      XL: |  1  2  3 |
---------------+----------+-----
Hexes          | 3 |  3.1
Dodging        | 2 |  2.1
Fighting       | 2 |  2.3
Short Blades   | |  0.2
Maces & Flails | |  0.1
Throwing       | |  2.3
Stealth        | |  0.4
Unarmed Combat | |  0.3
Spellcasting   | |  1.5

Action                   || total
-------------------------++-------
Melee: Unarmed           ||    18
       Club              ||    13
       Whip              ||    44
       Short sword       ||    69
Throw: Large rock        ||    11
       Throwing net      ||     1
  Use: Scroll            ||     6
 Stab: Sleeping          ||     1
  Eat: Chunk             ||     2
Armor: Robe              ||    50
Dodge: Dodged            ||    77
